 Dungeon Crawl Stone Soup version 0.30-a0-924-g0ad0bf95bc (webtiles) character file.

Game seed: 14573428675181752694

82 Darius099 the Insei (level 4, -4/29 HPs)
             Began as an Octopode Transmuter on Mar 22, 2023.
             Slain by a gnoll
             ... wielding a +0 flail
              (6 damage)
             ... on level 3 of the Dungeon.
             The game lasted 00:21:29 (2896 turns).

Darius099 the Insei (Octopode Transmuter)           Turns: 2896, Time: 00:21:29

Health: -4/29      AC:  1    Str:  9    XL:     4   Next: 43%
Magic:  16/17      EV: 13    Int: 15    God:
Gold:   140        SH:  0    Dex: 14    Spells: 5/8 levels left

rFire   . . .      SeeInvis .      - Unarmed
rCold   . . .      Faith    .    (no shield)
rNeg    . . .      Spirit   .    (helmet currently unavailable)
rPois   .          Reflect  .    (no amulet)
rElec   .          Rampage  .    c - ring of wizardry
rCorr   .                        i - ring of magical power
Will    .....                    (no ring)
Stlth   ++                       (no ring)
HPRegen 0.24/turn                (no ring)
MPRegen 0.15/turn                (no ring)
                                 (no ring)
                                 (no ring)

@: appendages
A: tentacle spike 3, almost no armour, amphibious, 8 rings, camouflage 1,
gelatinous body 1, (nimble swimmer 1), tentacles
a: End Transformation


You were on level 3 of the Dungeon.
One of your tentacles had grown a beastly spike.
You visited 1 branch of the dungeon, and saw 3 of its levels.

You collected 140 gold pieces.

Inventory:

Armour
 f - the +0 cloak "Bebluari" {rF+ rN+++ MP-9 Str+4}
   (You found it on level 3 of the Dungeon)

   Str:       It affects your strength (+4).
   rF:        It protects you from fire.
   rN:        It renders you almost immune to negative energy.
   MP:        It affects your magic capacity (-9).
Jewellery
 c - a ring of wizardry (left tentacle)
 i - a ring of magical power (right tentacle)
Scrolls
 b - a scroll of amnesia
 d - a scroll of teleportation
 j - a scroll of identify
 n - 3 scrolls of magic mapping {unknown}
Potions
 a - a potion of lignification
 e - a potion of might
 g - 2 potions of haste {unknown}
 h - a potion of attraction {unknown}
 k - a potion of flight
 l - a potion of ambrosia {unknown}
 m - a potion of heal wounds {unknown}


   Skills:
 + Level 2.1 Fighting
 - Level 2.0 Dodging
 + Level 3.6 Unarmed Combat
 + Level 2.7 Spellcasting
 + Level 2.8 Transmutations


You had 5 spell levels left.
You knew the following spells:

 Your Spells              Type           Power      Damage    Failure   Level
a - Beastly Appendage     Tmut           20%        N/A       2%          1
b - Wereblood             Tmut           10%        N/A       4%          2

Your spell library contained the following spells:

 Spells                   Type           Power      Damage    Failure   Level
 Spider Form              Tmut/Pois      6%         N/A       14%         3
 Ignite Poison            Fire/Tmut/Pois 4%         N/A       16%         3
 Ice Form                 Ice/Tmut       6%         N/A       41%         4
 Sticky Flame             Conj/Fire      2%         2d3       58%         4
 Ignition                 Fire           1%         3d3       100%        8


Dungeon Overview and Level Annotations

Branches:
Dungeon (3/15)

Altars:
Gozag
Qazlal

Shops:
D:3 *


Innate Abilities, Weirdness & Mutations

One of your tentacles has grown a beastly spike.
You cannot wear most types of armour.
You are amphibious.
You can wear up to eight rings at the same time.
Your skin changes colour to match your surroundings (Stealth+).
Your rubbery body absorbs attacks. (AC +1, EV +1)
((You are camouflaged when in or above water. (Stealth+)))
You have tentacles for arms and can constrict up to eight enemies at once.


Message History

You kill the hobgoblin!
No target in view!
There is a shaft here.
There is a shaft here.
There is a shaft here.
There is a shaft here.
A gnoll comes into view. It is wielding a +0 whip.
A gnoll comes into view. It is wielding a +0 flail.
The gnoll shouts!
A gnoll comes into view. It is wielding a +0 flail.
A gnoll comes into view. It is wielding a +0 club.
The gnoll shouts! x2
The gnoll shouts!
The gnoll hits you with a +0 flail!
You tentacle-slap the gnoll. Your grab misses the gnoll.
The gnoll is lightly wounded.
The gnoll completely misses you.
You tentacle-slap the gnoll but do no damage.
You grab the gnoll.
The gnoll is lightly wounded.
You constrict the gnoll, but do no damage.
The gnoll hits you with a +0 flail.
You are too injured to fight recklessly!
You are too injured to fight recklessly!
You are too injured to fight recklessly!
You are too injured to fight recklessly!
You are too injured to fight recklessly!
You are too injured to fight recklessly!
You tentacle-slap the gnoll but do no damage.
You squeeze the gnoll.
The gnoll is moderately wounded.
You constrict the gnoll. The gnoll hits you with a +0 flail!
* * * LOW HITPOINT WARNING * * *
Okay, then.
Okay, then.
Casting: Beastly Appendage (safe; 2% risk of failure)
Confirm with . or Enter, or press ? or * to list all spells.
One of your tentacles grows a vicious spike.
You constrict the gnoll. The gnoll hits you with a +0 flail.
You die...

#.#.#
#.........................
#.#.#
#.....†...)†..............
..#.##
#........>..............^.
.....#
#....########...#.#...#^≈≈
#.#..# #.####
###^###..^^(#. ###..# #.#
#^##≈.§§##.≈ .....# #.#
###...^.§§§... ###..#
#.###########.......§§§...
##.#
...gggg@....#^.^...^^^≈^
#.#
#########.###.≈.#^..^##§
#.# #.# #(##....###. #.#
#.###..#§§.≈##^. #.#
#...##≈.^≈.^.^.# #.#
#.#........#####
#.#############.##########
#...............#
#################


You could see 4 gnolls.

Vanquished Creatures
  2 adders
  2 worms
  A dart slug (D:3)
  7 ball pythons
  7 endoplasms
  3 giant cockroaches
  5 goblins
  4 hobgoblins
  5 jackals
  A quokka (D:1)
  5 bats
  4 frilled lizards
  A kobold (D:2)
  7 rats
54 creatures vanquished.

Notes
Turn   | Place    | Note
-------+----------+-------------------------------------------
     0 | D:1      | Darius099 the Octopode Transmuter began the quest for the
                  | Orb.
     0 | D:1      | Reached XP level 1. HP: 13/13 MP: 3/3
   162 | D:1      | Reached XP level 2. HP: 18/18 MP: 5/5
   167 | D:1      | Learned a level 2 spell: Wereblood
   525 | D:1      | Reached XP level 3. HP: 9/23 MP: 6/6
  2083 | D:2      | Reached XP level 4. HP: 23/29 MP: 7/7
  2425 | D:3      | Found an opulent altar of Gozag.
  2429 | D:3      | Found Gozag's Platinum Reserve.
  2457 | D:3      | Found a stormy altar of Qazlal.
  2527 | D:3      | Identified the +0 cloak "Bebluari" {rF+ rN+++ MP-9 Str+4}
  2896 | D:3      | Slain by a gnoll

Illustrated notes

Levels and vault maps discovered:
D:1:      dpeg_arrival_oval, layout_loops_ring
D:2:      layout_basic, minmay_randomly_rotated_circles
D:3:      layout_basic, grunt_qazlal_sundering, nicolae_gozag_zags_fifth_avenue

Skill      XL: |  1  2  3 |
---------------+----------+-----
Fighting       | 2 |  2.1
Dodging        | |  2.0
Unarmed Combat | |  3.6
Spellcasting   | |  2.7
Transmutations | |  2.8

Action                     |  1- 3 |  4- 6 || total
---------------------------+-------+-------++-------
  Melee: Unarmed           |    96 |    27 ||   123
         Constrict         |    25 |     9 ||    34
         Tentacles         |    18 |     9 ||    27
         Kick              |     4 |     1 ||     5
         Punch             |     2 |       ||     2
   Cast: Beastly Appendage |     7 |     3 ||    10
    Use: Scroll            |     1 |     6 ||     7
   Stab: Sleeping          |     6 |     2 ||     8
 Armour: Skin              |     5 |     3 ||     8
  Dodge: Dodged            |    47 |    20 ||    67

Table legend: (Time is in decaauts)
 A = Elapsed time spent in this place.
 B = Non-inter-level travel time spent in this place.
 C = Inter-level travel time spent in this place.
 D = Time resting spent in this place.
 E = Time spent auto-exploring this place.
 F = Levels seen in this place.
 G = Mean time per level.
                   A        B        C        D        E       F      G
               +--------+--------+--------+--------+--------+-----+--------+
         Total |   2889 |   2703 |    186 |    283 |   1520 |   3 |  963.0 |
       Dungeon |   2889 |   2703 |    186 |    283 |   1520 |   3 |  963.0 |
               +--------+--------+--------+--------+--------+-----+--------+

Top non-repeatable levels by time:
     D:2: 1280 daAuts
     D:1: 935 daAuts
     D:3: 673 daAuts
